[ AOE2 MATCH · #495767080 ]
UnrankedCumans vs Jurchens
Player's team · LOSS
[ REPLAY ANALYSIS · EXTRACTED FROM THE RECORDED GAME ]
Feudal
8:55
Castle
18:23
Imperial
24:34
| APM avg | 58.7 |
| APM peak | 93 |
| eAPM avg | 31.2 |
| Villagers / military | 110 / 85 |
Focus
⚔️ 42.0% · 🌾 58.0%
Kipchak ×82 · Trebuchet (Packed) ×3
Feudal
11:00
Castle
15:00
Imperial
28:56
| APM avg | 43.2 |
| APM peak | 113 |
| eAPM avg | 25.8 |
| Villagers / military | 107 / 90 |
Focus
⚔️ 34.0% · 🌾 66.0%
Skirmisher ×58 · Monk ×10 · Scout Cavalry ×8 · Spearman ×7 · Bombard Cannon ×5 · Trebuchet (Packed) ×2
Match map
Initial resources + every placement click. Lines = walls · curves = elevation contours. ◆ gold · ⬟ stone · ● berries · ✦ relic · ◌ wall gap
Your base· ✓ Closed at 18:23 · 13t walls · 3 gate(s)
GdR | ChiattoneDevastante's base· ✓ Closed at 15:00 · 13t walls · 2 gate(s)
Smoothed initial terrain · ◌ = detected wall gap · hover for details
Inputs per minute
— Tacacá - - GdR | ChiattoneDevastante
Build order — Tacacá
First 150 of 288 actions detected
| 0:01 | Queue | Villager (Male) ×4 |
| 0:02 | Build | House |
| 0:03 | Build | House |
| 1:33 | Build | Palisade Gate |
| 1:35 | Build | Palisade Wall |
| 1:40 | Build | Palisade Wall |
| 1:41 | Build | Palisade Wall |
| 1:42 | Queue | Villager (Male) |
| 1:43 | Queue | Villager (Male) |
| 2:00 | Queue | Villager (Male) |
| 2:00 | Queue | Villager (Male) |
| 2:19 | Queue | Villager (Male) |
| 2:20 | Queue | Villager (Male) |
| 2:49 | Queue | Villager (Male) |
| 2:49 | Queue | Villager (Male) |
| 3:18 | Queue | Villager (Male) |
| 3:18 | Queue | Villager (Male) |
| 3:34 | Build | Lumber Camp |
| 3:37 | Build | House |
| 3:45 | Queue | Villager (Male) |
| 3:45 | Queue | Villager (Male) |
| 3:46 | Queue | Villager (Male) |
| 4:34 | Queue | Villager (Male) |
| 4:34 | Queue | Villager (Male) |
| 4:35 | Queue | Villager (Male) |
| 4:35 | Queue | Villager (Male) |
| 4:35 | Queue | Villager (Male) |
| 5:01 | Build | Mill |
| 5:41 | Queue | Villager (Male) |
| 6:18 | Queue | Villager (Male) |
| 6:45 | Research | Feudal Age |
| 6:46 | Research | Feudal Age |
| 6:52 | Build | House |
| 6:52 | Build | House |
| 8:35 | Queue | Villager (Male) |
| 8:35 | Queue | Villager (Male) |
| 8:55 | Age | Feudal Age |
| 8:57 | Build | Town Center |
| 9:11 | Research | Double-Bit Axe |
| 9:12 | Research | Double-Bit Axe |
| 9:30 | Queue | Villager (Male) |
| 9:39 | Queue | Villager (Male) |
| 10:00 | Research | Horse Collar |
| 10:01 | Research | Horse Collar |
| 10:26 | Queue | Villager (Male) |
| 10:26 | Queue | Villager (Male) |
| 10:41 | Queue | Villager (Male) |
| 10:41 | Queue | Villager (Male) |
| 10:53 | Build | Farm |
| 10:55 | Build | Farm |
| 11:01 | Queue | Villager (Male) |
| 11:01 | Queue | Villager (Male) |
| 11:16 | Build | Farm |
| 11:28 | Build | Farm |
| 11:32 | Queue | Villager (Male) |
| 11:32 | Queue | Villager (Male) |
| 11:39 | Build | Farm |
| 11:45 | Build | Farm |
| 11:59 | Build | Farm |
| 12:02 | Queue | Villager (Male) |
| 12:03 | Queue | Villager (Male) |
| 12:13 | Build | Farm |
| 12:15 | Build | Farm |
| 12:23 | Build | House |
| 12:30 | Queue | Villager (Male) |
| 12:31 | Queue | Villager (Male) |
| 12:39 | Build | Farm |
| 12:43 | Queue | Villager (Male) |
| 12:43 | Queue | Villager (Male) |
| 12:54 | Build | House |
| 12:58 | Build | Farm |
| 13:00 | Build | Farm |
| 13:16 | Queue | Villager (Male) |
| 13:16 | Queue | Villager (Male) |
| 13:17 | Build | Farm |
| 13:44 | Queue | Villager (Male) |
| 13:44 | Queue | Villager (Male) |
| 13:54 | Build | Blacksmith |
| 14:09 | Queue | Villager (Male) |
| 14:09 | Queue | Villager (Male) |
| 14:28 | Build | Market |
| 14:34 | Build | House |
| 14:38 | Build | House |
| 14:46 | Queue | Villager (Male) |
| 14:46 | Queue | Villager (Male) |
| 14:51 | Build | Mining Camp |
| 14:57 | Build | Farm |
| 15:00 | Research | Loom |
| 15:09 | Build | Farm |
| 15:43 | Research | Castle Age |
| 15:43 | Research | Castle Age |
| 15:59 | Build | Farm |
| 16:05 | Build | Farm |
| 16:06 | Queue | Villager (Male) |
| 16:06 | Queue | Villager (Male) |
| 16:18 | Research | Gold Mining |
| 16:19 | Research | Gold Mining |
| 16:37 | Queue | Villager (Male) |
| 16:38 | Queue | Villager (Male) |
| 16:39 | Build | Farm |
| 16:52 | Queue | Villager (Male) |
| 17:14 | Research | Stone Mining |
| 17:15 | Research | Stone Mining |
| 17:21 | Queue | Villager (Male) |
| 17:32 | Build | Lumber Camp |
| 17:43 | Research | Wheelbarrow |
| 17:43 | Research | Wheelbarrow |
| 17:50 | Build | Farm |
| 17:52 | Build | Farm |
| 17:57 | Queue | Villager (Male) |
| 18:08 | Build | Farm |
| 18:10 | Queue | Villager (Male) |
| 18:11 | Queue | Villager (Male) |
| 18:23 | Age | Castle Age |
| 18:33 | Build | House |
| 18:42 | Research | Bow Saw |
| 18:42 | Research | Bow Saw |
| 19:01 | Build | Castle |
| 19:04 | Build | Palisade Wall |
| 19:12 | Queue | Villager (Male) |
| 19:15 | Queue | Villager (Male) |
| 19:32 | Queue | Villager (Male) |
| 19:37 | Build | Farm |
| 19:39 | Build | Farm |
| 19:42 | Build | Farm |
| 19:48 | Queue | Villager (Male) |
| 20:02 | Queue | Villager (Male) |
| 20:10 | Build | Mining Camp |
| 20:14 | Build | Farm |
| 20:19 | Queue | Villager (Male) |
| 20:26 | Build | Farm |
| 20:29 | Queue | Villager (Male) |
| 20:29 | Queue | Villager (Male) |
| 20:33 | Queue | Kipchak |
| 20:33 | Queue | Kipchak |
| 20:34 | Queue | Kipchak |
| 20:45 | Queue | Villager (Male) |
| 20:55 | Build | House |
| 21:09 | Queue | Kipchak |
| 21:13 | Build | Palisade Gate |
| 21:16 | Build | Palisade Wall |
| 21:24 | Research | Imperial Age |
| 21:24 | Research | Imperial Age |
| 21:46 | Queue | Kipchak |
| 21:46 | Queue | Kipchak |
| 21:46 | Queue | Kipchak |
| 21:54 | Queue | Villager (Male) |
| 22:01 | Research | Fletching |
| 22:01 | Research | Fletching |
| 22:04 | Research | Gold Shaft Mining |
Build order — GdR | ChiattoneDevastante
First 150 of 339 actions detected
| 0:00 | Queue | Villager (Male) |
| 0:01 | Queue | Villager (Male) |
| 0:01 | Queue | Villager (Male) |
| 0:03 | Build | House |
| 0:05 | Build | House |
| 0:17 | Queue | Villager (Male) |
| 0:17 | Queue | Villager (Male) |
| 1:39 | Queue | Villager (Male) |
| 1:52 | Build | Palisade Wall |
| 1:54 | Build | Palisade Wall |
| 1:56 | Build | Palisade Wall |
| 1:57 | Queue | Villager (Male) |
| 2:02 | Build | Palisade Wall |
| 2:06 | Build | Palisade Wall |
| 2:08 | Build | Palisade Wall |
| 2:14 | Queue | Villager (Male) |
| 2:15 | Build | Palisade Wall |
| 2:23 | Build | Palisade Wall |
| 2:31 | Build | Palisade Wall |
| 2:39 | Build | Palisade Wall |
| 2:41 | Build | Palisade Wall |
| 2:44 | Build | Palisade Wall |
| 2:46 | Build | Palisade Wall |
| 2:50 | Build | Lumber Camp |
| 2:53 | Queue | Villager (Male) |
| 3:13 | Queue | Villager (Male) |
| 3:39 | Queue | Villager (Male) |
| 3:54 | Build | House |
| 3:54 | Build | House |
| 3:55 | Build | House |
| 4:09 | Build | House |
| 4:11 | Queue | Villager (Male) |
| 4:30 | Build | House |
| 4:34 | Queue | Villager (Male) |
| 4:49 | Queue | Villager (Male) |
| 5:26 | Queue | Villager (Male) |
| 5:26 | Queue | Villager (Male) |
| 5:38 | Build | Mill |
| 5:50 | Research | Loom |
| 5:51 | Queue | Villager (Male) |
| 6:09 | Queue | Villager (Male) |
| 6:44 | Queue | Villager (Male) |
| 6:50 | Queue | Villager (Male) |
| 7:16 | Build | Lumber Camp |
| 7:21 | Queue | Villager (Male) |
| 7:33 | Queue | Villager (Male) |
| 8:00 | Queue | Villager (Male) |
| 8:21 | Research | Feudal Age |
| 8:27 | Build | Mining Camp |
| 9:04 | Queue | Villager (Male) |
| 9:09 | Build | Barracks |
| 9:15 | Queue | Villager (Male) |
| 9:34 | Build | Farm |
| 9:42 | Build | Farm |
| 9:57 | Build | Farm |
| 11:00 | Age | Feudal Age |
| 11:03 | Build | Stable |
| 11:43 | Build | Market |
| 11:50 | Queue | Villager (Male) |
| 12:20 | Research | Castle Age |
| 12:28 | Research | Double-Bit Axe |
| 12:43 | Build | House |
| 12:44 | Build | House |
| 12:55 | Research | Horse Collar |
| 13:03 | Queue | Scout Cavalry |
| 13:19 | Build | House |
| 13:21 | Queue | Scout Cavalry |
| 13:24 | Build | Farm |
| 13:30 | Build | Farm |
| 13:46 | Build | Farm |
| 13:51 | Queue | Scout Cavalry |
| 13:54 | Build | Farm |
| 14:06 | Build | Farm |
| 14:35 | Queue | Spearman |
| 14:37 | Queue | Villager (Male) |
| 14:46 | Queue | Scout Cavalry |
| 15:00 | Age | Castle Age |
| 15:02 | Build | Monastery |
| 15:09 | Research | Bow Saw |
| 15:24 | Build | Farm |
| 15:25 | Queue | Villager (Male) |
| 15:33 | Build | Farm |
| 15:45 | Queue | Monk |
| 15:45 | Queue | Monk |
| 15:53 | Queue | Scout Cavalry |
| 15:54 | Queue | Villager (Male) |
| 15:59 | Build | Farm |
| 16:17 | Queue | Villager (Male) |
| 16:45 | Queue | Villager (Male) |
| 16:49 | Build | Town Center |
| 16:58 | Queue | Scout Cavalry |
| 17:02 | Queue | Villager (Male) |
| 17:12 | Queue | Monk |
| 17:17 | Queue | Villager (Male) |
| 17:40 | Queue | Villager (Male) |
| 17:42 | Build | House |
| 17:45 | Build | House |
| 18:03 | Build | Town Center |
| 18:30 | Queue | Villager (Male) |
| 18:31 | Queue | Villager (Male) |
| 18:31 | Queue | Monk |
| 18:35 | Build | House |
| 18:38 | Research | Husbandry |
| 18:38 | Queue | Villager (Male) |
| 18:51 | Queue | Villager (Male) |
| 18:55 | Queue | Villager (Male) |
| 19:00 | Build | Farm |
| 19:02 | Build | Farm |
| 19:06 | Build | Farm |
| 19:16 | Queue | Villager (Male) |
| 19:28 | Queue | Villager (Male) |
| 19:37 | Build | Farm |
| 19:38 | Build | Farm |
| 19:38 | Build | Farm |
| 19:38 | Build | Farm |
| 19:38 | Build | Farm |
| 19:43 | Build | Farm |
| 19:44 | Build | Farm |
| 19:45 | Queue | Villager (Male) |
| 19:48 | Build | House |
| 19:49 | Build | House |
| 19:50 | Build | House |
| 19:53 | Queue | Villager (Male) |
| 19:53 | Queue | Villager (Male) |
| 20:00 | Queue | Monk |
| 20:09 | Queue | Villager (Male) |
| 20:12 | Queue | Villager (Male) |
| 20:13 | Queue | Villager (Male) |
| 20:18 | Build | Mining Camp |
| 20:24 | Queue | Villager (Male) |
| 20:39 | Research | Loom |
| 20:44 | Queue | Villager (Male) |
| 21:06 | Queue | Villager (Male) |
| 21:07 | Queue | Villager (Male) |
| 21:09 | Research | Fervor |
| 21:11 | Research | Sanctity |
| 21:14 | Build | House |
| 21:15 | Queue | Villager (Male) |
| 21:15 | Queue | Villager (Male) |
| 21:18 | Build | Farm |
| 21:19 | Build | Farm |
| 21:20 | Build | Farm |
| 21:29 | Research | Light Cavalry (upgrade) |
| 21:49 | Queue | Villager (Male) |
| 21:49 | Queue | Villager (Male) |
| 21:51 | Build | Archery Range |
| 21:57 | Queue | Villager (Male) |
| 21:57 | Queue | Villager (Male) |
| 22:00 | Build | Farm |
| 22:03 | Build | Farm |
Match timeline
| 1:35 | Tacacá · wall_segment Palisade Wall x3 |
| 1:40 | Tacacá · wall_segment Palisade Wall x6 |
| 1:41 | Tacacá · wall_segment Palisade Wall x4 |
| 1:52 | GdR | ChiattoneDevastante · wall_segment Palisade Wall x1 |
| 1:54 | GdR | ChiattoneDevastante · wall_segment Palisade Wall x1 |
| 1:56 | GdR | ChiattoneDevastante · wall_segment Palisade Wall x1 |
| 2:02 | GdR | ChiattoneDevastante · wall_segment Palisade Wall x1 |
| 2:06 | GdR | ChiattoneDevastante · wall_segment Palisade Wall x1 |
| 2:08 | GdR | ChiattoneDevastante · wall_segment Palisade Wall x1 |
| 2:15 | GdR | ChiattoneDevastante · wall_segment Palisade Wall x1 |
| 2:23 | GdR | ChiattoneDevastante · wall_segment Palisade Wall x1 |
| 2:31 | GdR | ChiattoneDevastante · wall_segment Palisade Wall x1 |
| 2:39 | GdR | ChiattoneDevastante · wall_segment Palisade Wall x1 |
| 2:41 | GdR | ChiattoneDevastante · wall_segment Palisade Wall x1 |
| 2:44 | GdR | ChiattoneDevastante · wall_segment Palisade Wall x1 |
| 2:46 | GdR | ChiattoneDevastante · wall_segment Palisade Wall x1 |
| 8:55 | Tacacá · age_up feudal |
| 9:09 | GdR | ChiattoneDevastante · first_building Barracks |
| 11:00 | GdR | ChiattoneDevastante · age_up feudal |
| 11:03 | GdR | ChiattoneDevastante · first_building Stable |
| 15:00 | GdR | ChiattoneDevastante · age_up castle |
| 15:02 | GdR | ChiattoneDevastante · first_building Monastery |
| 15:18 | Tacacá · first_market_buy 100 food |
| 15:23 | Tacacá · first_market_sell 100 wood |
| 18:23 | Tacacá · age_up castle |
| 19:01 | Tacacá · first_building Castle |
| 19:04 | Tacacá · wall_segment Palisade Wall x1 |
| 21:16 | Tacacá · wall_segment Palisade Wall x1 |
| 21:51 | GdR | ChiattoneDevastante · first_building Archery Range |
| 22:52 | GdR | ChiattoneDevastante · first_market_buy 100 food |
| 24:34 | Tacacá · age_up imperial |
| 25:27 | Tacacá · first_building Barracks |
| 25:30 | GdR | ChiattoneDevastante · first_market_sell 100 wood |
| 25:48 | GdR | ChiattoneDevastante · first_building Castle |
| 27:28 | Tacacá · first_building Stable |
| 28:28 | Tacacá · first_building Archery Range |
| 28:56 | GdR | ChiattoneDevastante · age_up imperial |
| 29:31 | GdR | ChiattoneDevastante · first_building Siege Workshop |
| 35:03 | Tacacá · resign |
[ AI ANALYSIS · 1 CREDIT ]
What really happened in this match?
Wolo.gg analyzes every decision: build order, eco, micro, common mistakes by bracket. Personalized analysis on WhatsApp or Discord in 30 seconds.
Civ guide
Cumans
Perfil
Jugador #18917671